NCAA
BOSTON COLLEGE EAGLES @ RUTGERS SCARLET KNIGHTS
04/06/2023
 
TOP OF THE 1ST
Boston College Eagles batting - Pitching for Rutgers Scarlet Knights : RHP James Jones
Pitching: RHP James Jones
Batting: RHB Lorenzo Mota 0-0: Called Strike
0-1: Ball
1-1: Called Strike
1-2: Strikes out swinging
Batting: RHB Kane Cooper 0-0: Foul Ball, location: 2F
0-1: Ball
1-1: Bunted foul
1-2: Ball
2-2: Ground out 3-1 (Groundball, 34)
Batting: RHB Manny Ramírez 0-0: Ball
1-0: Foul Ball, location: 2F
1-1: Fly out, F2 (Popup, 2RF)
Top of the 1st over - 0 run(s), 0 hit(s), 0 error(s), 0 left on base; Boston College 0 - Rutgers 0
BOTTOM OF THE 1ST
Rutgers Scarlet Knights batting - Pitching for Boston College Eagles : RHP Don Shelton
Pitching: RHP Don Shelton
Batting: RHB Ed Ward 0-0: Called Strike
0-1: Foul Ball, location: 2F
0-2: Ball
1-2: Ball
2-2: Ball
3-2: Base on Balls
Batting: RHB Darren Steele 0-0: Called Strike
0-1: Called Strike
Ed Ward steals 2nd base
0-2: Strikes out swinging
Batting: RHB Jeremy Clark 0-0: Fly out, F8 (Line Drive, 8RS)
Batting: SHB William Daly 0-0: Called Strike
0-1: Foul Ball, location: 2F
0-2: Ball
1-2: Ground out 4-3 (Groundball, 4)
Bottom of the 1st over - 0 run(s), 0 hit(s), 0 error(s), 1 left on base; Boston College 0 - Rutgers 0
TOP OF THE 2ND
Boston College Eagles batting - Pitching for Rutgers Scarlet Knights : RHP James Jones
Batting: LHB Dave Cook 0-0: Ball
1-0: Ball
2-0: Called Strike
2-1: Ball
3-1: Foul Ball, location: 2F
3-2: Strikes out swinging
Batting: RHB Vernon Sterling 0-0: Swinging Strike
0-1: Ground out 4-3 (Groundball, 4M)
Batting: LHB Davey Casey 0-0: Ball
1-0: Called Strike
1-1: Called Strike
1-2: SINGLE (Groundball, 4MD)
Batting: RHB Mike Martin 0-0: Fielders Choice at 2nd, U6 (Groundball, 6M)
Top of the 2nd over - 0 run(s), 1 hit(s), 0 error(s), 1 left on base; Boston College 0 - Rutgers 0
BOTTOM OF THE 2ND
Rutgers Scarlet Knights batting - Pitching for Boston College Eagles : RHP Don Shelton
Batting: RHB John Patterson 0-0: Swinging Strike
0-1: Swinging Strike
0-2: Foul Ball, location: 2F
0-2: Strikes out swinging
Batting: RHB Chris Vásquez 0-0: Ball
1-0: Ground out 5-3 (Groundball, 5)
Batting: LHB Bob Dunham 0-0: Ball
1-0: Ball
2-0: Called Strike
2-1: Swinging Strike
2-2: Fly out, F6 (Line Drive, 6M)
Bottom of the 2nd over - 0 run(s), 0 hit(s), 0 error(s), 0 left on base; Boston College 0 - Rutgers 0
TOP OF THE 3RD
Boston College Eagles batting - Pitching for Rutgers Scarlet Knights : RHP James Jones
Batting: RHB Ambrose Brown 0-0: Ground out 6-3 (Groundball, 6)
Batting: RHB Pepe Chávez 0-0: Called Strike
0-1: Swinging Strike
0-2: Ball
1-2: Strikes out swinging
Batting: RHB Lorenzo Mota 0-0: Called Strike
0-1: Reached on error, E6 (Groundball, 6)
Batting: RHB Kane Cooper 0-0: Ball
1-0: Called Strike
1-1: Ball
2-1: Ball
3-1: Foul Ball, location: 2F
3-2: Base on Balls
Lorenzo Mota to second
Batting: RHB Manny Ramírez 0-0: Ball
1-0: SINGLE (Groundball, 25) (infield hit)
Lorenzo Mota to third
Kane Cooper to second
Batting: LHB Dave Cook 0-0: Foul Ball, location: 2F
0-1: Swinging Strike
0-2: Fly out, F8 (Flyball, 8RM)
Top of the 3rd over - 0 run(s), 1 hit(s), 1 error(s), 3 left on base; Boston College 0 - Rutgers 0
BOTTOM OF THE 3RD
Rutgers Scarlet Knights batting - Pitching for Boston College Eagles : RHP Don Shelton
Batting: SHB Kevin Shelton 0-0: Swinging Strike
0-1: Called Strike
0-2: Ball
1-2: Ball
2-2: Ball
3-2: Strikes out swinging
Batting: RHB Buddy Brown 0-0: Foul Ball, location: 2F
0-1: Ball
1-1: Swinging Strike
1-2: Strikes out swinging
Batting: RHB Ed Ward 0-0: Ball
1-0: SINGLE (Groundball, 4MD)
Batting: RHB Darren Steele 0-0: Called Strike
0-1: Ball
1-1: Ball
2-1: 2-RUN HOME RUN (Flyball, 89XD), Distance : 389 ft
Batting: RHB Jeremy Clark 0-0: Ball
1-0: Called Strike
1-1: Called Strike
1-2: Ball
2-2: Foul Ball, location: 2F
2-2: Foul Ball, location: 2F
2-2: Foul Ball, location: 2F
2-2: Ground out 5-3 (Groundball, 56)
Bottom of the 3rd over - 2 run(s), 2 hit(s), 0 error(s), 0 left on base; Boston College 0 - Rutgers 2
TOP OF THE 4TH
Boston College Eagles batting - Pitching for Rutgers Scarlet Knights : RHP James Jones
Batting: RHB Vernon Sterling 0-0: Ball
1-0: Ball
2-0: Called Strike
2-1: Ball
3-1: Foul Ball, location: 2F
3-2: Reached on error, E4 (Groundball, 4)
Batting: LHB Davey Casey 0-0: Grounds into double play, 4-6-3 (Groundball, 4)
Batting: RHB Mike Martin 0-0: Foul Ball, location: 2F
0-1: Called Strike
0-2: Strikes out looking
Top of the 4th over - 0 run(s), 0 hit(s), 1 error(s), 0 left on base; Boston College 0 - Rutgers 2
BOTTOM OF THE 4TH
Rutgers Scarlet Knights batting - Pitching for Boston College Eagles : RHP Don Shelton
Batting: SHB William Daly 0-0: Foul Ball, location: 2F
0-1: Foul Ball, location: 2F
0-2: Ball
1-2: Foul Ball, location: 2F
1-2: Strikes out swinging
Batting: RHB John Patterson 0-0: SINGLE (Groundball, 6M)
Batting: RHB Chris Vásquez 0-0: Ball
1-0: Ball
2-0: Ball
3-0: Called Strike
3-1: Base on Balls
John Patterson to second
Batting: LHB Bob Dunham 0-0: Ball
1-0: Called Strike
1-1: Foul Ball, location: 2F
1-2: Ball
2-2: Ball
3-2: Base on Balls
John Patterson to third
Chris Vásquez to second
Batting: SHB Kevin Shelton 0-0: Swinging Strike
0-1: Fly out, F9 (Flyball, 9LS)
Batting: RHB Buddy Brown 0-0: Ball
1-0: Ball
2-0: Swinging Strike
2-1: GRAND SLAM HOME RUN (Line Drive, 78XD), Distance : 386 ft
Batting: RHB Ed Ward 0-0: Called Strike
0-1: Ball
1-1: Foul Ball, location: 2F
1-2: Ball
2-2: Strikes out looking
Bottom of the 4th over - 4 run(s), 2 hit(s), 0 error(s), 0 left on base; Boston College 0 - Rutgers 6
TOP OF THE 5TH
Boston College Eagles batting - Pitching for Rutgers Scarlet Knights : RHP James Jones
Batting: RHB Ambrose Brown 0-0: Ball
1-0: Called Strike
1-1: Called Strike
1-2: Ball
2-2: Ground out 5-3 (Groundball, 56)
Batting: RHB Pepe Chávez 0-0: Ground out 5-3 (Groundball, 56)
Batting: RHB Lorenzo Mota 0-0: Ball
1-0: Swinging Strike
1-1: Foul Ball, location: 2F
1-2: Foul Ball, location: 2F
1-2: Ball
2-2: Ground out 5-3 (Groundball, 5L)
Top of the 5th over - 0 run(s), 0 hit(s), 0 error(s), 0 left on base; Boston College 0 - Rutgers 6
BOTTOM OF THE 5TH
Rutgers Scarlet Knights batting - Pitching for Boston College Eagles : RHP Don Shelton
Batting: RHB Darren Steele 0-0: Called Strike
0-1: Ball
1-1: Called Strike
1-2: Strikes out looking
Pitching: RHP Ron McDonald
Batting: RHB Jeremy Clark 0-0: Ball
1-0: Foul Ball, location: 2F
1-1: Swinging Strike
1-2: Strikes out looking
Batting: SHB William Daly 0-0: Called Strike
0-1: Ball
1-1: Swinging Strike
1-2: Strikes out swinging
Bottom of the 5th over - 0 run(s), 0 hit(s), 0 error(s), 0 left on base; Boston College 0 - Rutgers 6
TOP OF THE 6TH
Boston College Eagles batting - Pitching for Rutgers Scarlet Knights : RHP James Jones
Batting: RHB Kane Cooper 0-0: SINGLE (Groundball, 56D)
Batting: RHB Manny Ramírez 0-0: Called Strike
0-1: Called Strike
0-2: Ball
1-2: Ball
2-2: Strikes out looking
Batting: LHB Dave Cook 0-0: Called Strike
0-1: Called Strike
Kane Cooper steals 2nd base
0-2: Strikes out swinging
Batting: RHB Vernon Sterling 0-0: Called Strike
0-1: Swinging Strike
0-2: Foul Ball, location: 2F
0-2: Ball
1-2: Ball
2-2: Strikes out looking
Top of the 6th over - 0 run(s), 1 hit(s), 0 error(s), 1 left on base; Boston College 0 - Rutgers 6
BOTTOM OF THE 6TH
Rutgers Scarlet Knights batting - Pitching for Boston College Eagles : RHP Ron McDonald
Batting: RHB John Patterson 0-0: Ball
1-0: Called Strike
1-1: Called Strike
1-2: Ground out 5-3 (Groundball, 5L)
Batting: RHB Chris Vásquez 0-0: Ball
1-0: Ball
2-0: Called Strike
2-1: Swinging Strike
2-2: Strikes out swinging
Batting: LHB Bob Dunham 0-0: Ground out 5-3 (Groundball, 56)
Bottom of the 6th over - 0 run(s), 0 hit(s), 0 error(s), 0 left on base; Boston College 0 - Rutgers 6
TOP OF THE 7TH
Boston College Eagles batting - Pitching for Rutgers Scarlet Knights : RHP James Jones
Pitching: RHP Steve Poole
Batting: LHB Davey Casey 0-0: Ball
1-0: Called Strike
1-1: SINGLE (Groundball, 3D)
Batting: RHB Mike Martin 0-0: Foul Ball, location: 2F
0-1: Ball
1-1: Foul Ball, location: 2F
1-2: Ball
2-2: Ball
3-2: Foul Ball, location: 2F
3-2: Base on Balls
Davey Casey to second
Batting: RHB Ambrose Brown 0-0: Called Strike
0-1: Ball
1-1: Ground out 4-3 (Groundball, 4M)
Davey Casey to third
Mike Martin to second
Batting: RHB Pepe Chávez 0-0: Ball
1-0: Swinging Strike
1-1: Swinging Strike
1-2: Foul Ball, location: 2F
1-2: Strikes out swinging
Batting: RHB Lorenzo Mota 0-0: Fly out, F9 (Flyball, 9S)
Top of the 7th over - 0 run(s), 1 hit(s), 0 error(s), 2 left on base; Boston College 0 - Rutgers 6
BOTTOM OF THE 7TH
Rutgers Scarlet Knights batting - Pitching for Boston College Eagles : RHP Ron McDonald
Batting: SHB Kevin Shelton 0-0: Ground out 5-3 (Groundball, 56)
Pitching: LHP Lou Gill
Batting: RHB Buddy Brown 0-0: SINGLE (Groundball, 4MD)
Batting: RHB Ed Ward 0-0: Called Strike
0-1: Grounds into double play, U4-3 (Groundball, 4)
Bottom of the 7th over - 0 run(s), 1 hit(s), 0 error(s), 0 left on base; Boston College 0 - Rutgers 6
TOP OF THE 8TH
Boston College Eagles batting - Pitching for Rutgers Scarlet Knights : RHP Steve Poole
Batting: RHB Kane Cooper 0-0: Swinging Strike
0-1: Ball
1-1: Ball
2-1: Ball
3-1: Base on Balls
Batting: RHB Manny Ramírez 0-0: Ball
1-0: Called Strike
1-1: Ball
2-1: Ball
3-1: Grounds into double play, 6-4-3 (Groundball, 6)
Batting: LHB Dave Cook 0-0: Foul Ball, location: 2F
0-1: Ball
1-1: Ball
2-1: SOLO HOME RUN (Flyball, 8RXD), Distance : 409 ft
Batting: RHB Vernon Sterling 0-0: Ball
1-0: Ball
2-0: SOLO HOME RUN (Flyball, 89XD), Distance : 386 ft
Batting: LHB Davey Casey 0-0: Ball
1-0: SOLO HOME RUN (Flyball, 9D), Distance : 342 ft
Batting: RHB Mike Martin 0-0: Called Strike
0-1: Foul Ball, location: 2F
0-2: Ball
1-2: Ground out 3-1 (Groundball, 34)
Top of the 8th over - 3 run(s), 3 hit(s), 0 error(s), 0 left on base; Boston College 3 - Rutgers 6
BOTTOM OF THE 8TH
Rutgers Scarlet Knights batting - Pitching for Boston College Eagles : LHP Lou Gill
Batting: RHB Darren Steele 0-0: Called Strike
0-1: Foul Ball, location: 2F
0-2: Foul Ball, location: 2F
0-2: Ball
1-2: Ball
2-2: Foul Ball, location: 2F
2-2: SINGLE (Groundball, 56D)
Batting: RHB Jeremy Clark 0-0: Ball
1-0: Foul Ball, location: 2F
1-1: Foul Ball, location: 2F
1-2: Ball
2-2: Grounds into double play, 1-6-3 (Groundball, 15)
Batting: SHB William Daly 0-0: Called Strike
0-1: Swinging Strike
0-2: Strikes out swinging
Bottom of the 8th over - 0 run(s), 1 hit(s), 0 error(s), 0 left on base; Boston College 3 - Rutgers 6
TOP OF THE 9TH
Boston College Eagles batting - Pitching for Rutgers Scarlet Knights : RHP Steve Poole
Pitching: RHP Dominic Scott
Batting: RHB Ambrose Brown 0-0: SINGLE (Groundball, 6MD)
Batting: RHB Pepe Chávez 0-0: Called Strike
0-1: Fielders Choice at 2nd, 2-6 (Groundball, 2R)
Batting: RHB Lorenzo Mota 0-0: Ball
1-0: Ball
2-0: Ball
3-0: Called Strike
3-1: Called Strike
3-2: Foul Ball, location: 2F
3-2: Foul Ball, location: 2F
3-2: Foul Ball, location: 2F
3-2: Foul Ball, location: 2F
3-2: Foul Ball, location: 2F
3-2: Base on Balls
Pepe Chávez to second
Batting: RHB Kane Cooper 0-0: Called Strike
0-1: Called Strike
0-2: Ball
1-2: Ball
2-2: Foul Ball, location: 2F
2-2: Fly out, F9 (Flyball, 9M)
Batting: RHB Manny Ramírez 0-0: Ball
1-0: Ball
2-0: Ball
3-0: Base on Balls
Pepe Chávez to third
Lorenzo Mota to second
Batting: LHB Dave Cook 0-0: Ball
1-0: Called Strike
1-1: Fielders Choice at 2nd, U4 (Groundball, 4M)
Top of the 9th over - 0 run(s), 1 hit(s), 0 error(s), 3 left on base; Boston College 3 - Rutgers 6
This league is powered by Out of the Park Baseball, the baseball management simulation game for PC, Mac and Linux
Wednesday, December 2nd, 2015 - OOTP Baseball 16.8 Build 38